 Dungeon Crawl Stone Soup version 0.30.1-11-g7821555f0a (webtiles) character file.

Game seed: 6527156758968646306

2452 lonewolfV2 the Fighter (level 9, -5/76 HPs)
             Began as a Formicid Fighter on Nov 15, 2023.
             Slain by Joseph
             ... wielding a +0 quarterstaff
              (8 damage)
             ... on level 7 of the Dungeon.
             The game lasted 00:10:31 (8619 turns).

lonewolfV2 the Fighter (Formicid Fighter)           Turns: 8619, Time: 00:10:32

Health: -5/76      AC:  0    Str: 26    XL:     9   Next: 79%
Magic:  9/9        EV: 13    Int:  7    God:
Gold:   528        SH:  0    Dex: 13    Spells: 8/8 levels left

rFire   . . .        a - melded +2 war axe
rCold   . . .        j - melded +2 kite shield
rNeg    . . .        g - melded +0 chain mail
rPois   .            (helmet unavailable)
rElec   .            (cloak currently unavailable)
rCorr   .            (gloves currently unavailable)
SInv    .            (boots currently unavailable)
Will    .....        (no amulet)
Stlth   +            l - melded ring of positive energy
HPRegen 0.32/turn    i - melded +6 ring of dexterity
MPRegen 0.11/turn

%: no passive effects
@: mighty, pig-form (expiring), studying Air Magic, very quick
A: fast, no casting, permanent stasis, dig shafts and tunnels, small, (antennae
3), four strong arms
a: no special abilities


You were on level 7 of the Dungeon.
You were a filthy swine.
You visited 2 branches of the dungeon, and saw 8 of its levels.

You collected 528 gold pieces.

Inventory:

Hand Weapons
 a - a +2 war axe (melded)
Armour
 g - a +0 chain mail (melded)
 j - a +2 kite shield (melded)
Jewellery
 i - a +6 ring of dexterity (melded)
 l - a ring of positive energy (melded)
Wands
 e - a wand of roots (6)
Scrolls
 b - a scroll of identify
 h - a scroll of noise
 u - a scroll of amnesia {unknown}
Potions
 d - 2 potions of might
 f - 2 potions of degeneration
 k - a potion of attraction {unknown}
 m - 2 potions of mutation
 n - a potion of ambrosia {unknown}
 o - a potion of haste {unknown}
 p - 2 potions of invisibility
 q - a potion of resistance {unknown}
 r - a potion of cancellation {unknown}
 s - a potion of magic {unknown}


   Skills:
 + Level 9.1 Fighting
 * Level 4.6 Axes
 - Level 9.0 Armour
 - Level 7.0 Shields


You had 8 spell levels left.
You didn't know any spells.
Your spell library contained the following spells:

 Spells                   Type           Power      Damage    Failure   Level
 Necrotise                Necr           0%         1d4       43%         1
 Shock                    Conj/Air       0%         1d3       43%         1
 Cigotuvi's Dreadful Rot  Necr/Pois/Air  0%         N/A       56%         2
 Ensorcelled Hibernation  Hex/Ice        0%         N/A       56%         2
 Passwall                 Tmut/Erth      0%         N/A       56%         2
 Ignite Poison            Fire/Tmut/Pois 0%         N/A       80%         3
 Vampiric Draining        Necr           0%         2d6       80%         3
 Airstrike                Air            0%         2d(0-16)  99%         4
 Agony                    Necr           0%         N/A       100%        5
 Freezing Cloud           Conj/Ice/Air   0%         6-21      100%        5
 Swiftness                Air            Unusable   N/A       N/A         3

Dungeon Overview and Level Annotations

Branches:
Dungeon (7/15)             Temple (1/1) D:6

Altars:
Cheibriados
Elyvilon
Gozag
Hepliaklqana
Makhleb
Okawaru
Ru
Sif Muna
Trog
Uskayaw
Vehumet
Xom

Shops:
D:5 :

Annotations:
D:4 1 runed translucent door, Azazsd's ghost, amateur DsCK
D:7 Joseph


Innate Abilities, Weirdness & Mutations

You are a filthy swine.
You move quickly.
Your equipment is almost entirely melded.
You are incapable of wielding weapons or throwing items.
You cannot cast spells.
You cannot be hasted, slowed, berserked, paralysed or teleported.
You can dig through walls and to a lower floor.
((You have a pair of large antennae on your head. (SInv)))
Your four strong arms can wield two-handed weapons with a shield.


Message History

You bite Joseph!
Joseph is heavily wounded.
Joseph hits you with a +0 quarterstaff!
You bite Joseph!
Joseph is severely wounded.
Joseph hits you with a +0 quarterstaff!
You hit Joseph.
Joseph is severely wounded.
You closely miss Joseph.
Joseph is severely wounded.
Joseph hits you with a +0 quarterstaff!
* * * LOW HITPOINT WARNING * * *
You feel better. Joseph hits you with a +0 quarterstaff!
* * * LOW HITPOINT WARNING * * *
You feel better. Joseph completely misses you.
You closely miss Joseph.
Joseph is severely wounded.
Joseph hits you with a +0 quarterstaff!!
* * * LOW HITPOINT WARNING * * *
You feel much better. Joseph misses you.
You bite Joseph!
Joseph is almost dead.
Joseph says, "I'm happy to see you. And I'll be happy to kill you."
Joseph misses you.
You closely miss Joseph.
Joseph is almost dead.
Your transformation is almost over.
Joseph hits you with a +0 quarterstaff!
* * * LOW HITPOINT WARNING * * *
You closely miss Joseph.
Joseph is almost dead.
Joseph hits you with a +0 quarterstaff!
* * * LOW HITPOINT WARNING * * *
Aiming: Fastroot
Press: ? - help, Q - select action, (/) - cycle Shift-Dir - straight line, f/p - Joseph
Aim: Joseph, wielding a +0 quarterstaff, wearing a +0 leather armour and carrying a wand of polymorph (8) (almost dead)
The roots erupt in riotous growth!
Roots grab Joseph.
The grasping roots constrict Joseph.
Joseph hits you with a +0 quarterstaff!
You die...

###.........#
<##.........#
............#
####........#
# ........# #
........######
#
.............#
#
........####.#
## .#.######
#h# .###.#.
#@# .......
..# ####..#
...# { #{
....# { #...##
.# { #.## # #.
# {


You could see Joseph (rooted).

Vanquished Creatures
  2 water moccasins
  An orc warrior (D:7)
  An ice beast (D:6)
  2 black bears
  3 ogres
  A kobold brigand (D:7)
  2 phantoms (D:6)
  4 scorpions
  5 wights (D:7)
  4 hounds
  3 jellies
  A quasit (D:6)
  6 iguanas
  4 orc priests
  A sleepcap (D:5)
  An orc wizard (D:7)
  4 gnolls (D:5)
  13 adders
  4 shadow imps
  2 white imps (D:6)
  3 ufetubi (D:6)
  4 worms
  3 dart slugs
  27 orcs
  7 ball pythons
  5 bats
  5 endoplasms
  3 giant cockroaches
  3 goblins
  12 hobgoblins
  4 jackals (D:4)
  11 kobolds
  2 quokkas
  4 frilled lizards (D:1)
  5 rats
162 creatures vanquished.

Notes
Turn   | Place    | Note
-------+----------+-------------------------------------------
     0 | D:1      | lonewolfV2 the Formicid Fighter began the quest for the
                  | Orb.
     0 | D:1      | Reached XP level 1. HP: 18/18 MP: 1/1
   128 | D:1      | Reached XP level 2. HP: 24/24 MP: 2/2
   399 | D:1      | Reached XP level 3. HP: 30/30 MP: 3/3
  1009 | D:2      | Reached XP level 4. HP: 37/37 MP: 4/4
  1355 | D:2      | Found a faded altar of an unknown god.
  1903 | D:3      | Found an iron altar of Okawaru.
  1978 | D:3      | Reached skill level 5 in Shields
  1978 | D:3      | Reached XP level 5. HP: 26/43 MP: 5/5
  2129 | D:3      | Reached skill level 5 in Fighting
  2472 | D:3      | Found a glowing drain.
  2716 | D:3      | Reached XP level 6. HP: 43/51 MP: 6/6
  3129 | D:4      | Found a radiant altar of Vehumet.
  3426 | D:4      | Reached XP level 7. HP: 36/58 MP: 7/7
  3955 | D:4      | Found a runed translucent door.
  3956 | D:4      | Noticed Azazsd's ghost (amateur DsCK)
  4302 | D:5      | Entered Level 5 of the Dungeon
  4637 | D:5      | Found a snail-covered altar of Cheibriados.
  4700 | D:5      | Found Bimasamnotz's Book Shoppe.
  4768 | D:5      | Noticed a water moccasin
  4779 | D:5      | Killed a water moccasin
  4780 | D:5      | Reached skill level 5 in Armour
  5009 | D:5      | Reached XP level 8. HP: 41/65 MP: 8/8
  5104 | D:5      | Found a hide-covered altar of Uskayaw.
  6477 | D:6      | Reached XP level 9. HP: 74/74 MP: 9/9
  6547 | D:6      | Found an opulent altar of Gozag.
  6871 | D:6      | Found a staircase to the Ecumenical Temple.
  6889 | Temple   | Entered the Ecumenical Temple
  8601 | D:7      | Noticed Joseph
  8614 | D:7      | HP: 3/76 [Joseph/+0 quarterstaff (22)]
  8619 | D:7      | Slain by Joseph

Illustrated notes

Levels and vault maps discovered:
D:1:      lemuel_arrival_river_bridge, layout_basic, serial_bayou_pond_c,
          minmay_unequal
D:2:      layout_basic, nicolae_ecumenical_lake_church,
          kennysheep_generic_room_5
D:3:      layout_basic, okawaru_metal_pillars_1_2, cheibrodos_sewer_entry_bend
D:4:      nicolae_BIG_FREAKIN_CUBE, layout_basic, nicolae_vehumet_altar_sigil,
          ebering_ghost_inner_flame, kennysheep_dice
D:5:      layout_basic, cheibriados_altar_1, eat_drink_and_be_merry_uskayaw,
          serial_shops, kennysheep_mini, nicolae_underground_beach
D:6:      layout_basic, old_standard_altar, temple_hall, serial_demonic,
          serial_demonic_b, serial_demonic_g, serial_demonic_a,
          serial_demonic_e, minmay_manual_mess
D:7:      layout_basic, gammafunk_ghost_icy, uniq_joseph
Temple:   nicolae_temple_superstar

Skill      XL: |  1  2  3  4  5  6  7  8  9 |
---------------+----------------------------+-----
Fighting       | 4 5 6 8 9 |  9.1
Armour         | 4 5 8 9 |  9.0
Shields        | 5 6 7 |  7.0
Axes           | 4 |  4.6

Action                     |  1- 3 |  4- 6 |  7- 9 || total
---------------------------+-------+-------+-------++-------
  Melee: War axe           |    56 |   195 |   283 ||   534
         Unarmed           |       |       |     9 ||     9
Ability: Dig               |       |     1 |       ||     1
  Evoke: Wand              |       |       |     2 ||     2
    Use: Scroll            |     3 |     6 |     6 ||    15
         Potion            |       |     1 |     6 ||     7
 Armour: Scale mail        |    24 |    86 |    39 ||   149
         Chain mail        |       |       |    77 ||    77
  Dodge: Dodged            |    32 |    75 |    94 ||   201
  Block: Buckler           |    15 |       |       ||    15
         Kite shield       |     8 |   141 |   231 ||   380
